Map: New Williamsberg

Players

Grumm - Winner!

  • Race: Zerg Zerg
  • League: Gold
  • Spawn Location: 0:00

Ryeboy - Winner!

  • Race: Protoss Protoss
  • Spawn Location: 6:00

Jab - Winner!

  • Race: Terran Terran
  • League: Bronze
  • Spawn Location: 9:00

Vape

  • Race: Protoss Protoss
  • Spawn Location: 0:00

Verjan

  • Race: Terran Terran
  • Spawn Location: 3:00

oomoj

  • Race: Protoss Protoss
  • Spawn Location: 12:00

VOD

Have the link to the VOD?

Description

Time

  • Played on: Feb. 14, 2016, 3:03 a.m.
  • Length: 21:15
Show
View Real Time Build Order
Export as new Build Order

Grumm Zerg - Winner!

Build Orders: Pool First 

Get SALT Encoding   

  12  0:19  Spawning Pool  
  11  0:22  Drone  
  12  0:32  Extractor  
  12  0:33  Drone  
  12  0:34  Drone  
  13  0:44  Overlord  
  13  0:57  Drone  
  14  1:04  Drone  
  15  1:12  Drone  
  15  1:16  Queen  
  15  1:18  Drone  
  19  1:33  Roach Warren  
  19  1:38  Drone  
  19  1:44  Drone  
  20  1:55  Evolution Chamber  
  19  2:01  Metabolic Boost  
  19  2:09  Drone x2  
  21  2:17  Overlord  
  21  2:35  Lair  
  21  2:38  Roach x2  
  25  2:46  Zergling x4  
  25  2:47  Zergling x2  
  28  3:05  Roach  
  30  3:18  Extractor  
  30  3:19  Drone  
  30  3:41  Hatchery  
  30  3:42  Overlord  
  30  3:45  Zerg Missile Weapons Level 1  
  30  3:48  Drone  
  30  4:07  Pneumatized Carapace  
  30  4:28  Drone  
  30  4:29  Drone  
  29  4:51  Spire  
  28  5:01  Overlord x2  
  23  5:21  Drone x3  
  23  5:22  Drone x4  
  23  5:25  Drone x3  
  23  5:28  Queen  
  34  5:40  Overlord  
  34  6:02  Drone  
  34  6:03  Drone x5  
  40  6:06  Extractor  
  40  6:10  Extractor  
  38  6:12  Hatchery  
  38  6:14  Mutalisk  
  38  6:15  Mutalisk x2  
  43  6:25  Drone  
  44  6:28  Drone x2  
  44  6:29  Drone  
  42  7:06  Drone x4  
  40  7:21  Mutalisk  
  40  7:22  Mutalisk x5  
  48  7:28  Overseer  
  51  7:46  Mutalisk x2  
  55  7:51  Mutalisk  
  57  7:59  Drone  
  57  8:00  Overlord x2  
  57  8:01  Overlord  
  58  8:17  Queen  
  60  8:25  Drone x9  
  69  8:30  Queen  
  69  8:33  Zerg Flyer Weapons Level 1  
  71  8:38  Infestation Pit  
  71  8:40  Spore Crawler  
  69  8:50  Extractor x2  
  69  8:51  Mutalisk  
  69  8:52  Mutalisk x3  
  75  8:57  Mutalisk  
  77  9:26  Spore Crawler  
  76  9:33  Corruptor x3  
  82  9:45  Overlord x2  
  82  9:46  Overlord  
  82  10:00  Spire  
  81  10:08  Corruptor  
  81  10:09  Corruptor x3  
  89  10:18  Hive  
  89  10:26  Drone x9  
  98  10:32  Drone x2  
  98  10:33  Drone  
  101  10:49  Drone x5  
  106  11:07  Zerg Flyer Armor Level 1  
  106  11:10  Overlord x3  
  106  11:12  Zerg Flyer Weapons Level 2  
  102  11:58  Hatchery  
  83  12:13  Mutalisk x6  
  83  12:14  Mutalisk x9  
  109  12:36  Roach x5  
  109  12:37  Roach x5  
  127  13:10  Overlord x3  
  127  13:11  Overlord x2  
  125  13:22  Greater Spire  
  125  13:28  Drone x7  
  90  14:22  Drone x10  
  90  14:23  Drone x2  
  102  14:25  Queen  
  102  14:29  Spine Crawler  
  102  14:30  Spine Crawler  
  102  14:37  Brood Lord  
  102  14:38  Brood Lord x5  
  114  14:49  Extractor  
  114  14:50  Extractor  
  112  14:55  Spore Crawler  
  112  14:58  Corruptor x8  
  112  14:59  Corruptor  
  125  15:44  Mutalisk x8  
  132  16:16  Mutalisk  
  132  16:17  Mutalisk x2  
  108  16:45  Brood Lord  
  98  17:11  Hatchery  
  98  17:15  Hatchery  
  92  17:51  Overlord, Mutalisk  
  92  17:52  Mutalisk x3  
  100  18:00  Hatchery  
  99  18:29  Extractor  
  99  18:32  Extractor  
  96  18:43  Mutalisk  
  96  18:44  Mutalisk x2  
  102  18:52  Extractor  
  102  18:53  Extractor  
  100  19:30  Hatchery  
  99  19:44  Drone x5  
  99  19:45  Drone x5  
Show
View Real Time Build Order
Export as new Build Order

Ryeboy Protoss - Winner!

Build Orders:  

Get SALT Encoding   

  12  0:01  Probe (Chrono Boost)  
  13  0:12  Probe (Chrono Boost)  
  14  0:19  Pylon  
  14  0:22  Probe (Chrono Boost)  
  15  0:37  Gateway  
  15  0:39  Probe (Chrono Boost)  
  16  0:49  Assimilator  
  16  0:50  Probe (Chrono Boost)  
  16  0:53  Assimilator  
  17  1:00  Probe (Chrono Boost)  
  18  1:05  Pylon  
  19  1:11  Probe (Chrono Boost)  
  19  1:22  Probe (Chrono Boost)  
  19  1:25  Cybernetics Core  
  20  1:32  Probe (Chrono Boost)  
  21  1:43  Probe (Chrono Boost)  
  22  2:03  Probe (Chrono Boost)  
  23  2:10  Nexus  
  23  2:20  Stargate  
  23  2:26  Stargate  
  23  2:48  Pylon  
  23  2:56  Pylon  
  23  3:10  Void Ray x2  
  31  3:22  Probe (Chrono Boost)  
  31  3:25  Pylon  
  32  3:33  Probe (Chrono Boost)  
  33  3:42  Assimilator  
  33  3:43  Probe (Chrono Boost)  
  33  3:46  Assimilator  
  34  3:54  Probe (Chrono Boost)  
  35  4:04  Probe (Chrono Boost)  
  36  4:15  Probe (Chrono Boost)  
  37  4:25  Probe (Chrono Boost)  
  37  4:29  Void Ray x2  
  46  4:36  Probe (Chrono Boost)  
  47  4:42  Pylon  
  47  4:46  Probe (Chrono Boost)  
  47  4:51  Forge  
  48  4:57  Probe (Chrono Boost)  
  49  5:08  Probe (Chrono Boost)  
  50  5:18  Probe (Chrono Boost)  
  51  5:23  Void Ray x2  
  59  5:29  Probe (Chrono Boost)  
  60  5:37  Robotics Facility  
  60  5:39  Probe (Chrono Boost)  
  62  5:50  Probe (Chrono Boost)  
  62  5:54  Nexus  
  62  6:00  Probe (Chrono Boost)  
  63  6:06  Stargate  
  63  6:11  Probe (Chrono Boost)  
  64  6:16  Cybernetics Core  
  64  6:19  Twilight Council  
  64  6:25  Observer  
  65  6:33  Fleet Beacon  
  65  6:36  Pylon  
  65  6:38  Pylon  
  65  6:41  Probe (Chrono Boost)  
  66  6:52  Probe (Chrono Boost)  
  67  7:02  Probe (Chrono Boost)  
  68  7:12  Protoss Air Weapons Level 1  
  68  7:13  Protoss Air Armor Level 1  
  68  7:14  Protoss Shields Level 1  
  68  7:17  Observer  
  68  7:18  Void Ray x2  
  77  7:42  Observer  
  77  7:43  Void Ray  
  82  7:45  Probe (Chrono Boost)  
  82  7:46  Probe (Chrono Boost)  
  82  7:50  Assimilator  
  84  7:55  Probe (Chrono Boost)  
  84  7:56  Assimilator  
  84  7:57  Probe (Chrono Boost)  
  86  8:06  Stargate, Probe (Chrono Boost)  
  86  8:07  Probe (Chrono Boost)  
  86  8:08  Stargate  
  86  8:12  Pylon  
  88  8:13  Pylon  
  88  8:16  Pylon  
  88  8:17  Probe (Chrono Boost)  
  88  8:18  Pylon, Probe (Chrono Boost)  
  90  8:20  Pylon x2  
  90  8:27  Probe (Chrono Boost)  
  90  8:28  Probe (Chrono Boost)  
  92  8:38  Probe (Chrono Boost)  
  94  8:48  Probe (Chrono Boost)  
  94  8:58  Void Ray x4  
  94  8:59  Probe (Chrono Boost)  
  111  9:38  Protoss Shields Level 2  
  111  9:40  Protoss Air Armor Level 2 (Chrono Boost), Protoss Air Weapons Level 2 (Chrono Boost)  
  111  9:48  Nexus  
  111  9:51  Observer  
  112  9:58  Pylon, Tempest  
  112  9:59  Void Ray  
  116  10:02  Pylon  
  116  10:06  Pylon  
  120  10:09  Pylon  
  120  10:13  Observer  
  121  10:14  Pylon  
  121  10:26  Pylon  
  121  10:31  Pylon  
  121  10:35  Tempest x2  
  129  10:36  Void Ray  
  133  11:00  Void Ray x2  
  141  11:12  Probe (Chrono Boost)  
  142  11:21  Probe  
  143  11:32  Probe  
  144  11:42  Probe  
  144  11:43  Protoss Shields Level 3  
  144  11:53  Probe  
  135  12:02  Protoss Air Weapons Level 3 (Chrono Boost)  
  135  12:03  Protoss Air Armor Level 3 (Chrono Boost)  
  135  12:04  Void Ray x4  
  151  12:13  Nexus  
  151  12:14  Assimilator  
  146  12:18  Assimilator  
  146  12:22  Void Ray  
  150  12:47  Void Ray x3  
  161  13:08  Nexus  
  161  13:09  Probe  
  161  13:11  Pylon  
  162  13:14  Pylon  
  162  13:20  Probe  
  162  13:22  Void Ray  
  162  13:23  Void Ray  
  162  13:24  Pylon  
  171  13:27  Pylon  
  171  13:30  Pylon, Probe  
  172  13:41  Probe  
  172  13:43  Void Ray x2  
  172  13:44  Void Ray  
  185  13:51  Probe  
  186  14:05  Void Ray  
  186  14:06  Void Ray  
  194  14:26  Void Ray  
  198  14:48  Assimilator  
  198  14:50  Assimilator  
  197  15:33  Nexus  
  197  15:42  Nexus  
  189  16:57  Void Ray x2  
  197  17:19  Void Ray x2  
  197  17:20  Void Ray  
  190  17:56  Void Ray x2  
  198  18:25  Nexus  
  173  19:18  Nexus  
  173  19:22  Nexus  
  162  19:30  Nexus  
  161  19:35  Nexus  
  161  19:41  Void Ray x3  
  173  19:51  Pylon  
  173  19:52  Pylon  
  173  19:54  Pylon  
  173  19:57  Pylon  
  173  19:59  Pylon x2  
  173  20:00  Pylon  
  173  20:09  Void Ray x2  
  181  20:24  Void Ray  
Show
View Real Time Build Order
Export as new Build Order

Jab Terran - Winner!

Build Orders:  

Get SALT Encoding   

  12  0:02  SCV  
  13  0:14  SCV  
  14  0:47  SCV  
  14  0:49  Command Center  
  15  0:56  Supply Depot  
  15  1:01  Refinery  
  15  1:08  Refinery  
  15  1:18  SCV  
  16  1:30  SCV  
  17  1:43  Barracks  
  17  1:46  SCV  
  18  1:58  SCV  
  19  2:10  SCV x2  
  21  2:22  SCV  
  22  2:23  SCV  
  22  2:28  Supply Depot  
  23  2:35  SCV  
  23  2:36  Factory  
  24  2:40  SCV  
  25  2:47  SCV  
  26  2:52  SCV  
  27  3:01  Refinery  
  27  3:03  Refinery  
  27  3:04  SCV  
  28  3:16  SCV  
  29  3:28  SCV  
  29  3:31  Starport  
  30  3:34  Starport  
  30  3:40  SCV  
  31  3:52  SCV  
  32  4:04  SCV  
  33  4:11  Starport  
  33  4:12  Starport  
  33  4:16  SCV  
  34  4:27  Starport Tech Lab  
  34  4:28  Starport Tech Lab  
  34  4:29  SCV  
  35  4:41  SCV  
  36  4:50  Starport  
  36  4:51  Starport  
  36  4:53  SCV  
  37  5:04  Starport Tech Lab  
  37  5:05  SCV  
  38  5:11  Starport Tech Lab  
  38  5:17  SCV  
  39  5:29  Starport Tech Lab x2, SCV  
  39  5:30  Fusion Core  
  39  5:33  Armory  
  40  5:41  SCV  
  41  5:52  Command Center, Refinery  
  41  5:53  SCV  
  41  5:55  Refinery  
  41  5:56  Supply Depot  
  42  6:05  SCV  
  43  6:17  SCV  
  44  6:19  Supply Depot x2, Armory  
  44  6:29  Supply Depot  
  44  6:30  SCV  
  45  6:42  SCV  
  46  6:47  Supply Depot  
  46  6:51  Viking x2  
  46  6:52  Viking x2  
  46  6:53  Viking x2  
  46  6:54  SCV  
  59  7:06  SCV  
  60  7:18  SCV  
  60  7:21  Viking x2  
  60  7:22  Viking x2  
  69  7:23  Viking x2  
  69  7:26  Terran Ship Weapons Level 1  
  69  7:28  Terran Vehicle And Ship Armor Level 1  
  73  7:33  SCV  
  74  7:42  SCV  
  75  7:45  SCV  
  76  7:53  Orbital Command  
  76  7:54  SCV  
  76  7:58  SCV  
  78  8:05  Supply Depot  
  78  8:06  SCV  
  78  8:10  SCV, Behemoth Reactor  
  80  8:18  SCV  
  81  8:22  SCV  
  82  8:28  Supply Depot  
  82  8:30  SCV  
  83  8:42  Orbital Command  
  83  8:45  Orbital Command  
  83  8:50  Supply Depot  
  83  9:07  Weapon Refit  
  83  9:12  Supply Depot  
  83  9:20  Terran Ship Weapons Level 2  
  83  9:22  Terran Vehicle And Ship Armor Level 2  
  83  9:32  Battlecruiser x2  
  83  9:33  Battlecruiser x2  
  83  9:34  Battlecruiser  
  113  9:43  Battlecruiser  
  119  9:52  Supply Depot  
  119  10:16  Supply Depot  
  119  10:38  Supply Depot  
  119  10:52  Battlecruiser x3  
  119  10:53  Battlecruiser x2  
  119  10:55  Battlecruiser  
  154  11:31  Refinery  
  144  11:33  Command Center, Refinery  
  50  14:53  Battlecruiser x3  
  50  14:54  Battlecruiser  
  50  14:55  Battlecruiser x2  
  86  16:46  Command Center  
  86  16:51  Command Center  
  86  16:52  Command Center  
  86  16:54  Refinery  
  86  16:55  Refinery  
  86  16:57  Refinery x3  
  86  16:58  Refinery  
  86  18:18  SCV  
  87  18:21  SCV  
  87  18:25  SCV  
  89  18:30  SCV  
  89  18:33  SCV  
  91  18:37  SCV  
  92  18:42  SCV  
  92  18:45  SCV  
  94  18:50  SCV  
  94  18:54  SCV  
  96  18:57  SCV  
  97  19:06  SCV  
  97  19:07  SCV  
  97  19:09  SCV  
  88  19:19  SCV x2  
  88  19:21  SCV  
  61  19:31  SCV  
  61  19:32  SCV  
  61  19:34  SCV  
  52  19:43  SCV  
  35  19:46  SCV  
  36  19:55  SCV  
  36  19:56  SCV  
  36  19:58  SCV  
  39  20:08  SCV x2  
  39  20:10  SCV  
  42  20:20  SCV x2  
  44  20:22  SCV  
  45  20:32  SCV x2  
  45  20:34  SCV  
  48  20:44  SCV x2  
  48  20:46  SCV  
  51  20:56  SCV x2  
  53  20:58  SCV  
Show
View Real Time Build Order
Export as new Build Order

Vape Protoss 

Build Orders: Double Forge, Forge Fast Expand (FFE) 

Get SALT Encoding   

  12  0:03  Probe (Chrono Boost)  
  13  0:18  Pylon  
  13  0:19  Probe (Chrono Boost)  
  14  0:30  Probe (Chrono Boost)  
  15  0:40  Probe (Chrono Boost)  
  16  0:50  Forge  
  16  0:54  Probe (Chrono Boost)  
  17  1:05  Probe (Chrono Boost)  
  18  1:15  Nexus  
  18  1:20  Probe (Chrono Boost)  
  19  1:31  Photon Cannon  
  19  1:38  Pylon  
  19  1:42  Probe (Chrono Boost)  
  20  1:53  Probe (Chrono Boost)  
  21  2:03  Probe (Chrono Boost)  
  22  2:14  Probe (Chrono Boost)  
  23  2:19  Nexus  
  23  2:24  Probe (Chrono Boost)  
  24  2:34  Probe (Chrono Boost)  
  24  2:35  Probe (Chrono Boost)  
  26  2:45  Probe (Chrono Boost)  
  26  2:46  Photon Cannon  
  27  2:55  Pylon  
  27  2:56  Probe x2 (Chrono Boost)  
  29  3:00  Pylon  
  29  3:06  Probe (Chrono Boost)  
  30  3:15  Gateway  
  30  3:17  Probe (Chrono Boost)  
  31  3:20  Photon Cannon  
  31  3:27  Probe (Chrono Boost), Photon Cannon  
  31  3:32  Pylon  
  32  3:35  Probe (Chrono Boost)  
  32  3:38  Assimilator, Probe (Chrono Boost)  
  34  3:41  Assimilator  
  34  3:46  Pylon, Probe (Chrono Boost)  
  35  3:53  Probe (Chrono Boost)  
  35  3:54  Probe (Chrono Boost)  
  37  3:56  Probe (Chrono Boost)  
  37  4:02  Cybernetics Core  
  38  4:04  Assimilator  
  38  4:05  Probe (Chrono Boost)  
  38  4:06  Probe (Chrono Boost)  
  38  4:07  Probe (Chrono Boost)  
  41  4:11  Assimilator  
  41  4:13  Photon Cannon  
  41  4:17  Pylon, Probe (Chrono Boost)  
  42  4:34  Probe (Chrono Boost)  
  43  4:42  Probe (Chrono Boost)  
  44  4:49  Probe  
  44  4:50  Forge  
  45  4:54  Gateway x2  
  45  5:00  Probe, Nexus, Protoss Ground Weapons Level 1 (Chrono Boost)  
  46  5:08  Photon Cannon  
  46  5:10  Probe  
  46  5:12  Photon Cannon  
  47  5:21  Probe  
  47  5:23  Photon Cannon  
  47  5:24  Stargate  
  47  5:27  Probe  
  49  5:31  Probe  
  50  5:37  Warp Gate (Chrono Boost)  
  50  5:39  Probe  
  51  5:52  Probe  
  51  5:54  Pylon  
  52  6:00  Stargate, Probe  
  52  6:03  Protoss Ground Armor Level 1 (Chrono Boost)  
  52  6:04  Probe  
  54  6:12  Probe  
  54  6:16  Probe  
  54  6:17  Stargate  
  54  6:18  Probe  
  56  6:21  Assimilator  
  56  6:22  Probe  
  56  6:23  Assimilator  
  58  6:27  Assimilator  
  58  6:29  Probe  
  58  6:32  Phoenix, Probe  
  61  6:39  Probe  
  62  6:44  Twilight Council  
  63  6:47  Pylon  
  63  6:50  Probe, Fleet Beacon  
  63  6:53  Pylon  
  64  6:57  Gateway  
  64  7:02  Probe, Gateway  
  64  7:03  Probe  
  64  7:05  Gateway  
  64  7:06  Pylon  
  66  7:09  Pylon  
  66  7:13  Pylon x2, Probe  
  66  7:14  Probe, Phoenix x2, Gateway  
  71  7:20  Blink (Chrono Boost)  
  72  7:23  Probe  
  72  7:24  Probe  
  74  7:35  Probe x2  
  76  7:39  Phoenix  
  76  7:43  Protoss Ground Weapons Level 2 (Chrono Boost)  
  78  7:45  Probe  
  78  7:47  Probe  
  80  7:56  Probe  
  81  7:59  Probe  
  81  8:05  Stargate  
  82  8:06  Pylon, Nexus  
  82  8:07  Phoenix x2  
  82  8:10  Pylon  
  82  8:11  Probe  
  87  8:13  Pylon  
  87  8:14  Protoss Shields Level 1 (Chrono Boost)  
  87  8:16  Pylon  
  87  8:18  Pylon, Probe  
  88  8:23  Probe  
  89  8:28  Assimilator, Probe  
  89  8:31  Photon Cannon  
  90  8:34  Stalker  
  90  8:35  Probe, Photon Cannon  
  90  8:36  Stalker x4  
  90  8:37  Stalker  
  90  8:39  Probe, Photon Cannon  
  90  8:40  Photon Cannon  
  104  8:47  Probe  
  100  8:59  Probe, Stalker x3  
  100  9:00  Stalker x3  
  113  9:02  Tempest  
  113  9:07  Tempest  
  121  9:18  Tempest  
  121  9:20  Probe  
  126  9:30  Probe  
  126  9:36  Robotics Facility  
  126  9:38  Robotics Facility  
  127  9:41  Robotics Facility, Probe  
  128  9:46  Gateway x2  
  128  9:51  Probe  
  128  9:57  Tempest  
  133  10:02  Probe  
  134  10:19  Probe, Protoss Ground Weapons Level 3 (Chrono Boost)  
  134  10:20  Pylon  
  135  10:29  Pylon  
  135  10:31  Pylon  
  135  10:37  Observer x2  
  135  10:38  Immortal  
  141  10:42  Tempest  
  141  10:43  Tempest x2  
  153  10:56  Pylon  
  153  10:59  Stalker x4  
  153  11:00  Stalker x5  
  153  11:04  Nexus x2  
  171  11:28  Stalker x4, Nexus  
  171  11:29  Stalker x5  
  169  11:59  Stalker x2  
  169  12:00  Stalker x4  
  151  12:01  Stalker x3  
  109  12:20  Tempest  
  109  12:21  Tempest x2  
  117  12:27  Stalker x3  
  117  12:28  Stalker  
  125  12:30  Stalker  
  117  12:56  Stalker x3  
  117  12:57  Stalker x2  
  117  12:58  Stalker x4  
  119  13:03  Tempest x2  
  131  13:12  Tempest  
  118  13:44  Stalker x5  
  118  13:45  Stalker x3  
  114  14:01  Probe  
  114  14:02  Probe  
  105  14:08  Observer  
  105  14:09  Stalker  
  106  14:10  Stalker x6  
  106  14:11  Stalker x2  
  106  14:12  Protoss Ground Armor Level 2 (Chrono Boost)  
  122  14:19  Assimilator  
  122  14:21  Assimilator  
  122  14:22  Pylon  
  122  14:40  Stalker  
  122  14:41  Stalker x4  
  132  14:56  Stalker x2  
  132  14:57  Stalker  
  85  15:38  Stalker x2  
  85  15:39  Stalker x5  
  85  15:40  Stalker x2  
  93  15:50  Assimilator x2  
  93  15:58  Gateway  
  93  16:01  Gateway  
  93  16:03  Stargate  
  93  16:06  Stargate  
  93  16:08  Stargate  
  93  16:09  Stalker x3  
  99  16:11  Pylon x2, Stalker  
  101  16:25  Nexus  
  101  16:29  Stalker x3  
  101  16:30  Stalker x2  
  111  16:33  Stalker x3  
  117  16:42  Stalker  
  119  16:52  Stalker x2  
  119  16:53  Stalker x3  
  129  17:25  Stalker x3  
  129  17:26  Stalker x4  
  143  17:34  Stalker  
  143  17:35  Stalker  
  125  18:02  Stalker x2  
  125  18:03  Stalker x3  
  125  18:05  Stalker x4  
  143  18:09  Void Ray x3  
  155  18:25  Pylon  
  155  18:26  Pylon, Gateway  
  155  18:30  Cybernetics Core x2  
  155  18:35  Stalker x4  
  155  18:36  Stalker x5  
  155  18:37  Stalker  
  170  19:07  Pylon  
  170  19:08  Pylon  
  170  19:09  Pylon  
  169  19:11  Pylon x2  
  169  19:12  Pylon  
  163  19:26  Void Ray (Chrono Boost)  
  163  19:27  Void Ray (Chrono Boost), Pylon x2  
  163  19:28  Pylon  
  163  19:29  Pylon  
  163  19:30  Void Ray (Chrono Boost)  
  148  19:43  Stalker x3  
  126  20:05  Probe x2  
  125  20:07  Void Ray (Chrono Boost)  
  125  20:08  Void Ray (Chrono Boost)  
  125  20:09  Stargate  
  125  20:10  Stargate  
  137  20:14  Stalker x3  
  137  20:16  Void Ray (Chrono Boost)  
  137  20:31  Stalker x3  
  90  21:05  Stalker x2  
Show
View Real Time Build Order
Export as new Build Order

Verjan Terran 

Build Orders: MMM Bio 

Get SALT Encoding   

  12  0:02  SCV  
  14  0:14  SCV  
  14  0:20  Supply Depot  
  14  0:26  SCV  
  15  0:35  Refinery  
  15  0:41  SCV  
  16  0:47  Barracks  
  16  0:53  SCV  
  17  1:04  Barracks  
  17  1:05  SCV  
  18  1:17  Barracks  
  18  1:20  SCV  
  19  1:31  Supply Depot  
  19  1:36  Marine  
  20  1:43  SCV  
  21  1:53  Barracks Tech Lab  
  21  1:54  Marine  
  22  2:05  Factory  
  22  2:06  Marine  
  23  2:12  Marine  
  24  2:16  Orbital Command  
  24  2:22  Refinery  
  24  2:38  Stimpack  
  24  2:44  Engineering Bay  
  24  2:45  Marine x2  
  26  3:06  Starport  
  26  3:13  Factory Reactor  
  26  3:15  SCV  
  27  3:25  Missile Turret  
  27  3:26  Marine  
  28  3:27  Marine, SCV  
  28  3:30  Marine  
  31  3:58  Factory Reactor  
  31  4:00  Marine, SCV  
  33  4:03  Supply Depot  
  33  4:04  Supply Depot  
  33  4:06  Supply Depot  
  33  4:12  Missile Turret, SCV  
  34  4:20  Marine x3  
  37  4:40  Medivac x2  
  41  4:59  Command Center  
  39  5:18  SCV  
  37  5:22  Combat Shields  
  37  5:25  Medivac x2  
  41  5:30  SCV  
  42  5:37  Missile Turret  
  42  5:49  Widow Mine  
  44  5:55  SCV  
  45  5:58  Refinery  
  45  6:01  Marine x2  
  47  6:04  Widow Mine  
  49  6:11  SCV  
  49  6:12  SCV  
  51  6:23  SCV  
  51  6:24  SCV  
  39  7:17  Widow Mine x2  
  39  7:18  Barracks Reactor  
  39  7:20  Barracks Reactor  
  41  7:45  Widow Mine  
  41  7:46  Widow Mine  
  41  7:48  Armory, SCV x2  
  47  7:51  Factory  
  47  7:52  Factory  
  47  7:57  Marine x3  
  50  8:00  Marine, SCV x2  
  53  8:09  Liberator, Marine  
  53  8:12  SCV x2  
  56  8:14  Terran Infantry Armor Level 1  
  56  8:15  Command Center, Marine x2  
  58  8:24  SCV  
  62  8:32  Factory Tech Lab  
  62  8:36  Factory Tech Lab x2  
  62  8:39  Terran Vehicle Weapons Level 1  
  62  8:42  SCV  
  63  8:54  SCV  
  63  8:55  Marine x5  
  67  8:57  Thor  
  54  9:13  Marine, Thor  
  57  9:28  SCV  
  57  9:31  Refinery  
  58  9:38  Thor  
  58  9:40  SCV  
  58  9:43  Refinery  
  65  9:52  SCV  
  66  10:03  SCV  
  66  10:05  SCV  
  68  10:08  Terran Infantry Weapons Level 1  
  68  10:15  SCV  
  68  10:17  SCV  
  68  10:20  Thor  
  76  10:21  Thor  
  83  10:29  SCV  
  83  10:32  Orbital Command  
  83  10:37  Thor  
  83  10:41  SCV  
  90  10:53  SCV  
  91  10:57  Missile Turret x2  
  91  10:59  Missile Turret  
  91  11:00  Missile Turret  
  91  11:06  Planetary Fortress  
  91  11:16  Missile Turret  
  91  11:22  Thor  
  97  11:58  Command Center  
  97  12:00  Marine x3  
  97  12:01  Marine  
  101  12:51  Terran Vehicle Weapons Level 2  
  101  12:57  Marine, Thor  
  101  12:58  Marine x4, Thor  
  97  12:59  Thor  
  79  13:11  Viking  
  81  13:15  Marine x5  
  80  13:33  Marine x5  
  85  13:40  Thor  
  90  13:41  Thor  
  90  13:42  Thor  
  100  13:48  SCV x2  
  100  13:49  SCV  
  100  13:50  Marine  
  100  13:51  Marine x4  
  103  14:00  SCV  
  96  14:07  SCV  
  96  14:08  Marine  
  96  14:09  Marine x4  
  98  14:19  SCV  
  98  14:22  Thor  
  105  14:24  Thor  
  105  14:26  Marine  
  105  14:27  Marine x2  
  108  14:31  SCV  
  92  14:45  Marauder  
  93  14:59  Marine x2  
  93  15:00  Marine x2  
  93  15:01  Viking  
  93  15:02  Viking  
  93  15:06  Marine  
  102  15:07  Terran Vehicle And Ship Armor Level 1  
  102  15:17  Marine x2  
  102  15:18  Marine  
  102  15:20  Refinery  
  105  15:23  Marine  
  105  15:24  Marine  
  107  15:31  Viking  
  107  15:32  Viking  
  107  15:35  Marine  
  112  15:48  Thor  
  112  15:49  Marine x4  
  121  16:01  Viking  
  121  16:02  Viking  
  77  16:40  Marine x5  
  34  16:57  Marine  
  34  16:58  Marine x3  
  34  16:59  Marine  
Show
View Real Time Build Order
Export as new Build Order

oomoj Protoss 

Build Orders: Blink Stalkers 

Get SALT Encoding   

  12  0:02  Probe (Chrono Boost)  
  13  0:13  Probe (Chrono Boost)  
  14  0:20  Pylon  
  14  0:23  Probe (Chrono Boost)  
  15  0:33  Pylon  
  15  0:40  Probe (Chrono Boost)  
  16  0:50  Probe (Chrono Boost)  
  16  0:52  Gateway  
  17  1:01  Probe (Chrono Boost)  
  17  1:02  Assimilator  
  18  1:07  Assimilator  
  18  1:16  Forge  
  18  1:21  Probe (Chrono Boost)  
  19  1:31  Probe (Chrono Boost)  
  20  1:42  Pylon, Probe (Chrono Boost)  
  21  1:53  Probe (Chrono Boost)  
  22  1:56  Cybernetics Core  
  22  2:03  Probe (Chrono Boost)  
  23  2:11  Zealot  
  25  2:16  Protoss Shields Level 1  
  25  2:21  Probe (Chrono Boost)  
  26  2:26  Pylon  
  26  2:36  Photon Cannon  
  26  2:49  Photon Cannon  
  26  3:03  Twilight Council  
  26  3:06  Stalker  
  28  3:22  Gateway  
  28  3:23  Gateway  
  28  3:25  Warp Gate  
  28  3:36  Pylon  
  28  3:39  Pylon  
  28  3:49  Blink  
  28  4:20  Nexus  
  28  4:26  Pylon  
  28  4:37  Photon Cannon  
  28  4:43  Gateway  
  28  5:03  Photon Cannon  
  28  5:08  Photon Cannon  
  28  5:11  Stalker  
  28  5:13  Stalker  
  32  5:39  Gateway  
  32  5:40  Pylon  
  32  5:57  Probe x2 (Chrono Boost)  
  34  6:07  Probe x2 (Chrono Boost)  
  36  6:18  Probe x2 (Chrono Boost)  
  38  6:25  Stalker x2  
  40  6:28  Probe x2 (Chrono Boost)  
  44  6:39  Probe (Chrono Boost), Nexus  
  45  6:45  Probe (Chrono Boost)  
  46  6:49  Probe (Chrono Boost)  
  47  6:56  Probe (Chrono Boost)  
  47  6:58  Pylon  
  47  6:59  Pylon  
  47  7:00  Probe (Chrono Boost)  
  49  7:18  Gateway  
  49  7:21  Gateway  
  49  7:23  Gateway  
  49  7:29  Forge  
  49  7:32  Forge  
  49  7:38  Stalker x2  
  53  7:54  Probe x2 (Chrono Boost)  
  53  7:58  Assimilator  
  55  8:04  Assimilator  
  55  8:05  Probe x2 (Chrono Boost)  
  57  8:09  Probe (Chrono Boost)  
  58  8:15  Probe x2 (Chrono Boost), Stalker  
  58  8:19  Probe (Chrono Boost), Stalker  
  65  8:26  Probe x2 (Chrono Boost)  
  67  8:30  Probe (Chrono Boost)  
  68  8:36  Probe (Chrono Boost)  
  68  8:40  Probe (Chrono Boost)  
  70  8:48  Pylon  
  70  8:51  Pylon, Probe (Chrono Boost)  
  71  8:56  Pylon  
  71  8:57  Stalker x5  
  81  9:18  Assimilator  
  81  9:21  Assimilator  
  81  9:24  Photon Cannon  
  81  9:28  Probe (Chrono Boost)  
  81  9:29  Photon Cannon  
  82  9:36  Photon Cannon  
  82  9:38  Photon Cannon  
  82  9:39  Probe (Chrono Boost)  
  83  9:50  Probe (Chrono Boost)  
  84  9:58  Stalker  
  84  9:59  Stalker x4  
  94  10:00  Probe (Chrono Boost), Stalker  
  97  10:11  Probe (Chrono Boost)  
  98  10:26  Robotics Facility  
  98  10:28  Pylon  
  98  10:30  Pylon  
  98  10:31  Pylon  
  98  10:32  Gateway  
  98  10:35  Gateway  
  98  10:36  Gateway  
  98  10:43  Pylon  
  98  10:44  Pylon  
  98  10:45  Probe (Chrono Boost)  
  99  10:56  Probe (Chrono Boost)  
  100  11:06  Probe (Chrono Boost)  
  100  11:08  Stalker x2  
  100  11:09  Stalker x5  
  115  11:15  Protoss Ground Weapons Level 1  
  115  11:16  Protoss Ground Armor Level 1  
  115  11:17  Probe (Chrono Boost)  
  116  11:19  Protoss Shields Level 2  
  116  11:27  Probe (Chrono Boost)  
  117  11:43  Nexus  
  117  11:45  Assimilator  
  117  11:46  Assimilator  
  87  11:59  Stalker x3  
  87  12:00  Stalker x4  
  87  12:01  Stalker  
  61  12:42  Stalker  
  61  12:43  Stalker x4  
  61  12:44  Stalker x3  
  66  12:49  Observer  
  68  13:06  Stalker  
  68  13:07  Stalker  
  68  13:09  Stalker x4  
  68  13:10  Stalker x2  
  84  13:15  Pylon  
  53  14:06  Stalker x2  
  53  14:07  Stalker x2  
  53  14:08  Stalker x4  
  57  14:30  Stalker x2  
  57  14:31  Stalker x2  
  52  14:33  Stalker  
  52  14:37  Probe (Chrono Boost)  
  48  14:48  Probe (Chrono Boost)  
  49  14:58  Probe (Chrono Boost)  
  50  15:09  Probe (Chrono Boost)  
  50  15:12  Nexus  
  51  15:16  Stalker x3  
  51  15:19  Probe (Chrono Boost)  
  58  15:30  Probe (Chrono Boost)  
  55  16:14  Stalker x5  
  55  16:15  Stalker x4  
  55  16:16  Stalker  
  75  16:29  Probe (Chrono Boost)  
  76  16:34  Probe (Chrono Boost)  
  76  16:39  Probe (Chrono Boost)  
  78  16:45  Probe (Chrono Boost)  
  79  16:50  Probe (Chrono Boost)  
  79  16:51  Pylon  
  80  16:54  Pylon  
  80  17:00  Probe (Chrono Boost)  
  81  17:03  Nexus  
  81  17:06  Stalker x2  
  85  17:11  Probe (Chrono Boost)  
  50  17:56  Probe (Chrono Boost)  
  51  18:07  Probe (Chrono Boost)  
  52  18:17  Probe (Chrono Boost)  
  51  18:31  Pylon  
  51  18:41  Pylon  
  38  19:29  Gateway  
  29  19:39  Pylon  
  21  20:19  Cybernetics Core  
  21  21:00  Stargate  
  21  21:02  Stargate  
  21  21:05  Stargate  
Tags
 
Add a new tag
Caveats
  • Supply blocks, unpowered buildings, or Contaminate may cause inaccurate times.
  • Supply counts are checked every 10 seconds.